Cogmind - Beta 13 @@@ ROGUE MODE // 2024.07.28 @ 15:08:32 Player: VraethrDalkr Result: Destroyed by C-17 Slicer with Blade Saw Performance ------------- Evolutions (2) 1000 Regions Visited (5) 1000 Robots Destroyed (34) 170 Value Destroyed (487) 487 Prototype IDs (23) 460 Alien Tech Used (0) 0 Bonus (370) 370 TOTAL SCORE: 3487 Bonus ------- Follower Combat Kills 70 Aligned with FarCom 300 Cogmind --------- Core Integrity 0/550 Matter 278/300 Energy 155/160 System Corruption 0% Temperature Cool (0) Movement Flying (27) Location -8/Materials Parts ------- > --- POWER (1) -------- Light Nuclear Core > --- PROPULSION (4) --- Flight Unit Surge Thruster Surge Thruster Surge Thruster > --- UTILITY (4) ------ Heat Sink Improved Heat Sink > --- WEAPON (2) ------- Katana > --- INVENTORY (5) ---- Improved Ion Engine Surge Thruster Particle Cannon Peak State ------------ > --- POWER ------------ Light Nuclear Core > --- PROPULSION ------- Surge Thruster Surge Thruster Surge Thruster Surge Thruster > --- UTILITY ---------- Heat Sink Improved Heat Sink Improved Heat Sink Tractor Beam > --- WEAPON ----------- Katana Blade Saw > --- INVENTORY -------- Improved Ion Engine Light Nuclear Core Flight Unit Surge Thruster Particle Cannon [Rating: 30] Favorites ----------- Power Light Ion Engine Engine Light Ion Engine Power Core Light Nuclear Core Propulsion Flight Unit Leg Aluminum Leg Wheel Wheel Flight Unit Flight Unit Utility Seismic Detector Device Seismic Detector Storage Small Storage Unit Processor Modified TNC Weapon Light Assault Rifle Energy Gun Medium Laser Energy Cannon Particle Cannon Ballistic Gun Light Assault Rifle Launcher Rocket Launcher Special Weapon Mining Laser Slashing Weapon Katana Build | -11 -10 -10 -10 -9 -8 ------- Run | Yrd Mat Min Exi Min Mat Slots Evolved 4 | . . . . . 4 Power . | . . . . . . Propulsion 2 | . . . . . 2 Utility 2 | . . . . . 2 Weapon . | . . . . . . Parts Attached 74 | 8 5 9 1 5 46 Power 9 | 1 1 2 . . 5 Engine 6 | 1 1 2 . . 2 Core 3 | . . . . . 3 Reactor . | . . . . . . Propulsion 25 | 2 1 3 . 2 17 Treads . | . . . . . . Leg 2 | . . . . . 2 Wheel 3 | 2 1 . . . . Hover . | . . . . . . Flight 20 | . . 3 . 2 15 Utility 16 | 3 1 . 1 1 10 Device 14 | 2 1 . . 1 10 Storage 1 | 1 . . . . . Processor 1 | . . . 1 . . Hackware . | . . . . . . Protection . | . . . . . . Artifact . | . . . . . . Weapon 24 | 2 2 4 . 2 14 Energy Gun 4 | . . 1 . . 3 Energy Cannon 1 | . . . . . 1 Ballistic Gun 11 | 2 2 3 . 2 2 Ballistic Cannon . | . . . . . . Launcher 3 | . . . . . 3 Special Weapon 2 | . . . . . 2 Impact Weapon . | . . . . . . Slashing Weapon 3 | . . . . . 3 Piercing Weapon . | . . . . . . Special Melee Weapon . | . . . . . . Unidentified Prototypes 1 | . . . 1 . . Parts Lost 15 | . 3 . . . 12 Power 3 | . 1 . . . 2 Propulsion 6 | . . . . . 6 Utility 2 | . 1 . . . 1 Weapon 4 | . 1 . . . 3 Highest Loss Streak 9 | . 3 . . . 9 To Critical Strikes . | . . . . . . Average Slot Usage (%) 86 | . 96 92 90 100 67 Engine 11 | . 13 14 14 14 4 Wheel 5 | . 28 13 . . . Flight 21 | . . 14 28 28 24 Device 14 | . 12 14 14 14 17 Storage 2 | . 14 6 . . . Processor 4 | . . . 5 14 1 Energy Gun 7 | . . 6 14 14 3 Ballistic Gun 13 | . 27 21 14 14 2 Slashing Weapon 2 | . . . . . 7 Naked Turns 1 | . . . . . 1 Heaviest Build 12 | 11 12 12 7 7 12 Greatest Support 20 | 20 20 20 8 8 16 Greatest Overweight (x) . | . . . . . . Average Overweight (x) . | . . . . . . Largest Inventory Capacity 8 | 8 8 8 5 5 5 Average Capacity 5 | 7 8 6 5 5 5 Most Carried 8 | 8 8 8 5 5 5 Average Carried 5 | 5 7 6 5 4 3 Final Capacity 8 | 8 8 5 5 5 5 Final Carried 8 | 8 8 5 5 5 3 Class Distribution -------------------- 48% | Scavenger-Mutant 31% | Mutant 11% | Scavenger-Scout 8% | Scavenger-Sprinter Dominant Class ---------------- Mutant | -10/Materials Scavenger-Mutant | -10/Mines Scavenger-Mutant | -10/Exiles Scavenger-Mutant | -9/Mines Scavenger-Scout | -8/Materials Resources | -11 -10 -10 -10 -9 -8 ----------- Run | Yrd Mat Min Exi Min Mat Matter Collected 991 | 319 . 110 . 124 438 Remotely 65 | . . . . . 65 Salvage Created 975 | 184 35 90 . . 666 Parts 71 | 19 5 7 . . 40 Haulers Intercepted . | . . . . . . Recyclers Shooed 2 | . . . . . 2 Parts Field Recycled . | . . . . . . Retrieved Matter . | . . . . . . Parts Self-Destructed . | . . . . . . Prevented . | . . . . . . Kills | -11 -10 -10 -10 -9 -8 ------- Run | Yrd Mat Min Exi Min Mat Combat Hostiles Destroyed 22 | . 2 6 . . 14 Melee 5 | . . . . . 5 Guns 15 | . 2 6 . . 7 AOE 1 | . . . . . 1 Classes Destroyed 7 | 3 1 . . . 3 Worker 2 | 2 . . . . . Tunneler 5 | 5 . . . . . Recycler 5 | 1 . . . . 4 Swarmer 10 | . 2 6 . . 2 Cutter 8 | . . . . . 8 Grunt 2 | . . . . . 2 Sentry 2 | . . . . . 2 Best Kill Streak 6 | 3 2 3 . . 6 Combat Bots Only 6 | . 2 3 . . 6 Max Kills in Single Turn 1 | 1 1 1 . . 1 Gunslinging . | . . . . . . Exploded 1 | . . . . . 1 Melee 1 | . . . . . 1 Uniques/NPCs Destroyed . | . . . . . . Combat | -11 -10 -10 -10 -9 -8 -------- Run | Yrd Mat Min Exi Min Mat Hostile Shots Fired 144 | . 17 16 . 3 108 Missed 47 | . 6 4 . 1 36 Damage Taken 1605 | . 200 92 . 24 1289 Core 648 | . 31 43 . 12 562 Absorbed by Shields . | . . . . . . Core Remaining (%) 82 | 100 . . . 65 . Volleys Fired 95 | 20 14 9 . 1 51 Largest 2 | 2 2 2 . 2 2 Hottest 83 | 40 40 70 . 70 83 Shots Fired 150 | 39 26 18 . 2 65 Gun 148 | 39 26 18 . 2 63 Cannon . | . . . . . . Launcher 2 | . . . . . 2 Special . | . . . . . . Kinetic 103 | 39 26 13 . 1 24 Thermal 45 | . . 5 . 1 39 Explosive 2 | . . . . . 2 Electromagnetic . | . . . . . . Robot Hit Streak 11 | 5 5 5 . 3 11 Robot Miss Streak 5 | 3 5 2 . . 4 Penetration Max . | . . . . . . Secondary Targets 2 | . . . . . 2 Max Gunslinging Chain 1 | . . . . . 1 Shots Hit Robots 103 | 21 11 9 . 2 60 Core Hits 50 | 14 4 6 . . 26 Critical Kills . | . . . . . . Critical Parts Destroyed . | . . . . . . Critical Strikes 3 | . . . . . 3 Burn 2 | . . . . . 2 Sever 1 | . . . . . 1 Melee Attacks 26 | . . . . . 26 Impact . | . . . . . . Slashing 26 | . . . . . 26 Piercing . | . . . . . . Sneak Attacks 4 | . . . . . 4 Combat Hostiles 1 | . . . . . 1 Follow-up Attacks 2 | . . . . . 2 Damage Inflicted 1713 | 166 93 91 . 22 1341 Guns 1011 | 166 93 91 . 22 639 Cannons . | . . . . . . Explosions 63 | . . . . . 63 Melee 639 | . . . . . 639 Ramming . | . . . . . . Kinetic 477 | 166 93 79 . 9 130 Thermal 534 | . . 12 . 13 509 Explosive 63 | . . . . . 63 Electromagnetic . | . . . . . . Impact . | . . . . . . Slashing 639 | . . . . . 639 Piercing . | . . . . . . Highest Corruption . | . . . . . . Average Corruption . | . . . . . . Corruption Purged . | . . . . . . Corruption Blocked . | . . . . . . Overload Shots . | . . . . . . Overflow Damage 63 | . . . . . 63 Projectiles . | . . . . . . Explosions 2 | . . . . . 2 Melee 61 | . . . . . 61 Knockbacks . | . . . . . . Impact . | . . . . . . Kinetic . | . . . . . . Secondary . | . . . . . . Self-Inflicted Damage . | . . . . . . Shots . | . . . . . . Rammed . | . . . . . . Targets Rammed . | . . . . . . Kicked . | . . . . . . Crushed . | . . . . . . Highest Temperature 116 | . 7 116 . 34 115 Average Temperature 47 | . 7 65 . 19 44 Received Heat Transfer 240 | . 12 . . 12 216 Siege Activations . | . . . . . . Robots Corrupted . | . . . . . . Combat Hostiles . | . . . . . . Parts Fried . | . . . . . . Impact Corruptions . | . . . . . . Robots Melted 1 | . . . . . 1 Combat Hostiles 1 | . . . . . 1 Parts Melted 2 | . . . . . 2 Heat Transferred 1332 | . . 37 . 37 1258 Parts Sabotaged . | . . . . . . Parts Stolen . | . . . . . . Parts Stripped . | . . . . . . Power Chain Reactions . | . . . . . . Alert | -11 -10 -10 -10 -9 -8 ------- Run | Yrd Mat Min Exi Min Mat Peak Influence 384 | 40 121 291 . 111 384 Initial 46 | . 26 46 . . 42 Average 118 | 18 75 147 . 38 216 Maximum Alert Level 1 | . . 1 . . 1 Low Security (%) 76 | 100 100 64 . 100 49 Level 1 23 | . . 35 . . 50 Level 2 . | . . . . . . Level 3 . | . . . . . . Level 4 . | . . . . . . Level 5 . | . . . . . . High Security . | . . . . . . Max Security . | . . . . . . Squads Dispatched 7 | . 2 1 . . 4 Investigation 1 | . 1 . . . . Extermination . | . . . . . . Reinforcement 5 | . 1 . . . 4 Assault 1 | . . 1 . . . Garrison . | . . . . . . Intercept . | . . . . . . Searches Triggered . | . . . . . . Construction Impeded . | . . . . . . Haulers Reinforced . | . . . . . . Active Scanning Responses . | . . . . . . Cargo Convoy Interrupts . | . . . . . . Stealth | -11 -10 -10 -10 -9 -8 --------- Run | Yrd Mat Min Exi Min Mat Distress Signals 4 | . . . . . 4 Communications Jammed . | . . . . . . Distress Signals . | . . . . . . Times Spotted 51 | . 7 6 . 5 33 Peak Tracking Total 9 | . 3 3 . 3 9 Tactical Retreats 8 | . 2 1 . 1 4 Traps | -11 -10 -10 -10 -9 -8 ------- Run | Yrd Mat Min Exi Min Mat Traps Triggered 1 | . 1 . . . . Indirectly . | . . . . . . Trap Hack Attempts . | . . . . . . Triggered . | . . . . . . Disarmed . | . . . . . . Reprogrammed . | . . . . . . Reused . | . . . . . . Traps Extracted . | . . . . . . Installed . | . . . . . . Triggered . | . . . . . . Machines | -11 -10 -10 -10 -9 -8 ---------- Run | Yrd Mat Min Exi Min Mat Machines Disabled . | . . . . . . Max in Single Turn . | . . . . . . Machines Repaired . | . . . . . . Machines Dismantled . | . . . . . . Machines Sabotaged . | . . . . . . Overloaded Fab Kills . | . . . . . . Hacking | -11 -10 -10 -10 -9 -8 --------- Run | Yrd Mat Min Exi Min Mat Machines Accessed 5 | . . . 5 . . Terminals . | . . . . . . Fabricators . | . . . . . . Repair Stations . | . . . . . . Recycling Units . | . . . . . . Scanalyzers . | . . . . . . Garrison Access . | . . . . . . Total Hacks 50 | . . . 50 . . Successful 50 | . . . 50 . . Failed . | . . . . . . Catastrophic . | . . . . . . Database Lockouts . | . . . . . . Manual 1 | . . . 1 . . Terminals . | . . . . . . Fabricators . | . . . . . . Repair Stations . | . . . . . . Recycling Units . | . . . . . . Scanalyzers . | . . . . . . Garrison Access . | . . . . . . Terminal Hacks 50 | . . . 50 . . Record 49 | . . . 49 . . Derelict Proto ID Bank 1 | . . . 1 . . Fabricator Hacks . | . . . . . . Repair Station Hacks . | . . . . . . Recycling Unit Hacks . | . . . . . . Scanalyzer . | . . . . . . Garrison Access Hacks . | . . . . . . Unauthorized Hacks . | . . . . . . Terminals . | . . . . . . Fabricators . | . . . . . . Repair Stations . | . . . . . . Recycling Units . | . . . . . . Scanalyzers . | . . . . . . Garrison Access . | . . . . . . Data Cores Recovered . | . . . . . . Used . | . . . . . . Hacking Detections . | . . . . . . Full Trace Events . | . . . . . . Feedback Events . | . . . . . . Feedback Blocked . | . . . . . . Robot Schematics Acquired . | . . . . . . Robots Built . | . . . . . . Authchips . | . . . . . . Time . | . . . . . . Total Robot Build Rating . | . . . . . . Part Schematics Acquired . | . . . . . . Parts Built . | . . . . . . Authchips . | . . . . . . Time . | . . . . . . Total Part Build Rating . | . . . . . . Parts Repaired . | . . . . . . Time . | . . . . . . Parts Recycled . | . . . . . . Recycled Matter . | . . . . . . Retrieved Matter . | . . . . . . Retrieved Components . | . . . . . . Parts Scanalyzed . | . . . . . . Part Schematics Acquired . | . . . . . . Parts Damaged . | . . . . . . Bothacking | -11 -10 -10 -10 -9 -8 ------------ Run | Yrd Mat Min Exi Min Mat Used RIF Installer . | . . . . . . Robots Hacked . | . . . . . . Non-combat . | . . . . . . Combat . | . . . . . . Robot Hacks Applied . | . . . . . . Relay Couplers Released . | . . . . . . Fabnet Peak Effective % . | . . . . . . Robots Rewired . | . . . . . . Allies Hacked . | . . . . . . Hacks Repelled . | . . . . . . Allies | -11 -10 -10 -10 -9 -8 -------- Run | Yrd Mat Min Exi Min Mat Total Allies 4 | . . 1 . 3 . Largest Group 3 | . . 1 1 3 3 Highest-Rated Group 40 | . . 31 31 40 40 Highest-Rated Ally 31 | . . 31 31 28 16 Total Orders 1 | . . . . 1 . FOLLOW 1 | . . . . 1 . Ally Attacks 45 | . . 9 . 12 24 Total Damage 504 | . . 165 . 124 215 Kills 10 | . . 4 . 3 3 Allies Corrupted . | . . . . . . Allies Melted . | . . . . . . Intel | -11 -10 -10 -10 -9 -8 ------- Run | Yrd Mat Min Exi Min Mat Robot Analysis Total . | . . . . . . Derelict Logs Recovered 3 | . . 1 . 2 . Drone Launches . | . . . . . . Drone Recoveries . | . . . . . . Exploration | -11 -10 -10 -10 -9 -8 ------------- Run | Yrd Mat Min Exi Min Mat Turns Passed 1894 | 206 169 329 282 396 512 Spaces Moved 2333 | 160 156 488 578 618 333 Core 6 | 3 . . . . 3 Treads . | . . . . . . Legs . | . . . . . . Wheels 484 | 157 156 171 . . . Hover . | . . . . . . Flight 1843 | . . 317 578 618 330 Fastest Speed 26 | 50 80 37 37 37 26 Average Speed 45 | 79 80 52 37 37 33 Slowest Speed 80 | 80 80 80 37 37 50 Overloaded Moves . | . . . . . . Propulsion Burnouts . | . . . . . . Robots Hopped 12 | . . 3 . 7 2 Cave-ins Triggered . | . . . . . . Exploration Rate (%) 54 | 5 40 82 94 92 15 Regions Visited 5 Branch Regions 3 Pre-discovered Areas 1 | . . . 1 . . Known Exits Taken . | . . . . . . Unknown Exits Taken 5 | 1 1 1 1 1 . Scrap Searched 4 | . . 1 . 3 . Spaces Dug . | . . . . . . Terrain Destroyed 11 | . . . . . 11 Melee . | . . . . . . Projectile . | . . . . . . AOE 11 | . . . . . 11 Terrain Rammed . | . . . . . . Walls Destroyed . | . . . . . . Machines Disabled . | . . . . . . Actions | -11 -10 -10 -10 -9 -8 --------- Run | Yrd Mat Min Exi Min Mat Total 3001 | 217 178 551 645 779 631 Wait 402 | 6 3 25 66 154 148 Move 2304 | 159 155 481 577 603 329 Hop 12 | . . 3 . 7 2 Pick Up 35 | 16 . 6 . 2 11 Fast Attach 33 | 7 2 1 1 1 21 Attach 15 | 1 1 2 . . 11 Detach 6 | . . 2 . . 4 Swap 26 | . 2 6 . 4 14 Drop 48 | 8 1 16 . 7 16 Fire 95 | 20 14 9 . 1 51 Melee 24 | . . . . . 24 Ram . | . . . . . . Kick . | . . . . . . Crush . | . . . . . . Escape Stasis . | . . . . . . Rewire 1 | . . . 1 . . Trap . | . . . . . . Miscellaneous . | . . . . . . Route ------- -11/Scrapyard -10/Materials (discovered 3 exits: [*Mat] / [*Min x2]) -10/Mines (discovered 2 exits: [*Mat] / *Exi) -10/Exiles (discovered 2 exits: [*Min x2]) -9/Mines (discovered 2 exits: [*Mat x2]) -8/Materials History --------- Turn | Location | Event 22 | -11/Scrapyard | Discovered new exit (range 16) 207 | -11/Scrapyard | Entered Materials 207 | -10/Materials | Discovered new exit (range 7) 268 | -10/Materials | Lost 3 parts (1p1u1w) 317 | -10/Materials | Build established: Mutant 332 | -10/Materials | Discovered new exit (range 8) 369 | -10/Materials | Discovered new exit (range 9) 376 | -10/Materials | Entered Mines 517 | -10/Mines | Discovered new exit (range 13) 553 | -10/Mines | Met a Derelict testing a Signal Generator 599 | -10/Mines | Received a Rocket Launcher from a helpful Derelict 606 | -10/Mines | Learned Materials terminal intel 685 | -10/Mines | Deemed a non-threat by the Exiles lab entrance 685 | -10/Mines | Discovered new exit (range 5) 705 | -10/Mines | Entered Exiles 705 | -10/Exiles | Accompanied by 1 ally 711 | -10/Exiles | Discovered new exit (range 15) 724 | -10/Exiles | Met 8R-AWN 731 | -10/Exiles | Met EX-HEX 754 | -10/Exiles | Met EX-DEC 762 | -10/Exiles | Visited The Gauntlet 815 | -10/Exiles | Learned location of Zion (-7) 819 | -10/Exiles | Build established: Scavenger-Mutant 829 | -10/Exiles | Discovered new exit (range 12) 863 | -10/Exiles | Met EX-BIN 867 | -10/Exiles | Aligned with FarCom system 868 | -10/Exiles | Given EX-Vault access code 888 | -10/Exiles | Opened EX-Vault 889 | -10/Exiles | Found Prototype Processor 889 | -10/Exiles | Identified Modified TNC 900 | -10/Exiles | Warned to stay clear of 0b10 Research branches 987 | -10/Exiles | Left Exiles lab with Modified TNC 987 | -10/Exiles | Entered Mines 987 | -9/Mines | Accompanied by 1 ally 1000 | -9/Mines | Met a Derelict bent on vengeance 1000 | -9/Mines | Discovered new exit (range 14) 1108 | -9/Mines | Learned Materials emergency access door positions 1126 | -9/Mines | Learned Materials terminal intel 1133 | -9/Mines | Assisted by bots powering up and referring to "LRC-V3" 1320 | -9/Mines | Discovered new exit (range 8) 1383 | -9/Mines | Entered Materials 1383 | -8/Materials | Accompanied by 3 allies 1383 | -8/Materials | Evolved 4 slots: Propulsion x2, Utility x2 1385 | -8/Materials | Loaded intel: 12 terminal locations 1462 | -8/Materials | Lost 3 allies 1532 | -8/Materials | Core integrity fell below 50% 1558 | -8/Materials | Lost 9 parts (2p5n1u1w) 1722 | -8/Materials | Core integrity fell below 20% 1895 | -8/Materials | Destroyed by C-17 Slicer with Blade Saw Last Messages --------------- 01837_ R-06 Scavenger collects Reaction Control System. 01841_ R-06 Scavenger collects Tractor Beam. 01851_ Blade Saw follow-up attack on C-17 Slicer. 01854_ Lgt. Nuclear Core severed. 01857_ Imp. Heat Sink severed. 01859_ Blade Saw follow-up attack on C-17 Slicer. 01861_ W-25 Informer sends out distress signal. 01863_ Surge Thruster severed. 01869_ C-17 Slicer destroyed. 01872_ Sneak attack on C-17 Slicer. 01872_ Surge Thruster severed. 01874_ Destroyed Concussive RPG. 01878_ Blade Saw severed. 01879_ Acquired Surge Thruster. 01881_ Acquired 23 matter. 01885_ Surge Thruster destroyed. [Achievement: Tester] Map ----- +----------------------------------------------------+ | # # ## """ """ ##??????????????????? | | # ! # ## #???#???????????????? | | # # % % #???????????????????? | | # % + #???????????????????? | | # # #####%######## #???????????????????? | | # % #+###+######+##### ## #??#????????????????? | | # # ! # /=%*%]]# ## #???????????????????? | | ####### ! # !]!= !#### #???????????????????? | | ??????# # """%% #??# #???#???????????????? | | ??????# "T" # """""= #?#? #???????????????????? | | ??????# """ # """"" #??# #???????????????????? | | ????#?# # """"" #??? #???????????????????? | | ???##?######## """ #??? #???????????????????? | | ?????????#?#?# #??? #??#????????????????? | | ?????????????#####/######## #???????????????????? | | ????????????????# Hw #???????????????????? | | #???????#???????# x +????????????????? | | ???????????? ???# ##+#########??????????????????? | | ?????????? ?????# ## x #?#???????????????????? | | ???????????????## ## """ ]#?????????????????????? | | ???????????????# # """ #?????????????????????? | | ???????????????+ # """ #?????????????????????? | | ?????????????? # # #?????????????????????? | | ???????????????# # / [ #?????????????????????? | | ???????????????## ######/##?????????????????????? | | ??????????+?????# #???##@#??????????????????????? | | ????????????????# #????#c#?????????+????????????? | | ????????????????# ######/####???????????????????? | | ????????????????# # #???????????T???????? | | ????????????????# # #???????????????????? | | ??????????""T""?# # #???????????????????? | | ??????????"""""?+ + #?????????+?????????? | | ????????????????# # #???????????????????? | | ????????????????# # #???????????????????? | | ??????????????? # #???????????????????? | | ?????????????? # #???????????????????? | | ?????????????###+#############???????????????????? | | ?????????????????????????????????????????????????? | | ????????????""o??????????????????????????????????? | | ????????????"T???????????????????????????????????? | | ????????????""???????????????????????????????????? | | ?????????????????????????????????????????????????? | | ?????????????????????????????????????????????????? | | ?????????????????????????????????????????????????? | | ?????????????????????????????????????????????????? | | | | | | | | | | | +----------------------------------------------------+ Best States ------------- Heat Dissipation 69 Energy Generation 14 Energy Capacity 160 Matter Stores 300 Matter Capacity 300 Sight Range 16 Terrain Scan Range 16 Terrain Scan Density 10 Evasion (%) 70 Item Schematics ----------------- None Robot Schematics ------------------ None Fabricated ------------ Nothing Alien Tech Used ----------------- None Achievements -------------- Tester Challenges ------------ None Game ------ Seed MeleeGodPlatform Manual? 0 Play Time 00:46:20 Cumulative 108.5 hours Start 2024.07.28 @ 13:10:13 End 2024.07.28 @ 15:08:32 Sessions 3 Manual Loads 0 Difficulty Rogue Special Mode None Game No. 53 Rogue 43 Adventurer 10 Explorer 0 Win Type - Total 1 Types 0/0/1/0/0/0/0/0/0 Lore% 41 Gallery% 50 Achievement% 41 Wizard Run 0 Options --------- Layout 1 ASCII 0 Keyboard 0 Movement Arrows Keybinds 0 Fullscreen 2 Font 32/SmallcapsGlow Map View 50x35 Zoom Use 0% Tactical HUD 1 Map Filters NONE Filters NONE Steam 0 RUN: 8eb53e8b-132b-4fe9-b9c0-e8dadb0006b8